 Dungeon Crawl Stone Soup version 0.27.0-1-g7a089689b8 (webtiles) character file.

Game seed: 17589105154774981949

221 garrulousMonolith the Chopper (level 5, -10/47 HPs)
             Began as a Hill Orc Monk on Aug 13, 2021.
             Mangled by an ogre (19 damage)
             ... on level 3 of the Dungeon.
             The game lasted 00:03:59 (3932 turns).

garrulousMonolith the Chopper (Hill Orc Monk)       Turns: 3932, Time: 00:04:00

Health: -10/47     AC: 11    Str: 15    XL:     5   Next: 98%
Magic:  7/7        EV:  7    Int: 10    God:
Gold:   164        SH:  0    Dex: 13    Spells: 4/4 levels left

rFire    . . .     SeeInvis .   e - +2 whip (venom)
rCold    . . .     Faith    .   (no shield)
rNeg     . . .     Spirit   .   j - +0 chain mail
rPois    .         Reflect  .   g - +0 helmet
rElec    .         Harm     .   r - +0 cloak
rCorr    .         Rampage  .   (no gloves)
Will     .....                  (no boots)
Stlth    ..........             (no amulet)
HPRegen  0.15/turn              (no ring)
MPRegen  0.10/turn              (no ring)

@: no status effects
A: no striking features
a: no special abilities


You were on level 3 of the Dungeon.
You visited 1 branch of the dungeon, and saw 4 of its levels.

You collected 164 gold pieces.

Inventory:

Hand Weapons
 a - a +0 hand axe
 e - a +2 whip of venom (weapon)
 m - a +0 hunting sling
Missiles
 c - 136 stones
 p - 13 poisoned darts (quivered)
Armour
 g - a +0 helmet (worn)
 j - a +0 chain mail (worn)
 k - a scarf of repulsion
 r - a +0 cloak (worn)
Scrolls
 d - a scroll of amnesia
 f - a scroll of fear {unknown}
 o - 3 scrolls of enchant armour {unknown}
 q - a scroll of holy word {unknown}
 s - a scroll of noise {unknown}
Potions
 b - 2 potions of berserk rage
 h - a potion of resistance {unknown}
 i - a potion of attraction {unknown}
 l - 2 potions of curing {unknown}
 n - a potion of heal wounds {unknown}


   Skills:
 + Level 4.7 Fighting
 * Level 6.1 Axes
 + Level 2.4 Armour
 - Level 2.4 Dodging
 - Level 1.5 Stealth
 + Level 3.0 Invocations


You had 4 spell levels left.
You didn't know any spells.
Your spell library contained the following spells:

 Spells                   Type           Power      Damage    Failure   Level
 Freeze                   Ice            0%         1d3       100%        1
 Pain                     Necr           0%         1d4       100%        1
 Frozen Ramparts          Ice            0%         1d2       100%        3
 Hailstorm                Conj/Ice       0%         3d3       100%        4
 Agony                    Necr           0%         N/A       100%        5
 Excruciating Wounds      Necr           0%         N/A       100%        5


Dungeon Overview and Level Annotations

Branches:
Dungeon (4/15)
 Temple: D:4-7

Altars:

Annotations:
D:3 Sigmund


Message History

You completely miss the hobgoblin. The hobgoblin hits you.
You hit the hobgoblin.
The hobgoblin is severely wounded.
The hobgoblin hits you but does no damage.
You hit the hobgoblin.
You kill the hobgoblin!
No target in view!
No target in view!
HP restored.
You now have 158 gold pieces (gained 9).
You now have 164 gold pieces (gained 6).
There is an open door here.
An ogre comes into view. It is wielding a +0 giant club.
The ogre shouts!
Throw: 14 darts (poison)
Press: ? - help, Q - select action, (/) - cycle Shift-Dir - straight line, f - ogre
Aim: an ogre, wielding a +0 giant club (74% to hit)
You throw a poisoned dart. The poisoned dart hits the ogre.
The ogre is poisoned.
You closely miss the ogre.
The ogre is lightly wounded.
You hit the ogre.
The ogre is moderately wounded.
The ogre looks more healthy.
The ogre hits you with a +0 giant club!
You barely miss the ogre.
The ogre is moderately wounded.
The ogre hits you with a +0 giant club!!
Ouch! That really hurt!
* * * LOW HITPOINT WARNING * * *
There is an open door here.
There is a stone staircase leading down here.
You hit the ogre.
The ogre is poisoned.
The ogre is heavily wounded.
The ogre closely misses you.
You hit the ogre.
The ogre is severely wounded.
You hit the ogre.
The ogre looks as sick as possible!
The ogre is severely wounded.
The ogre hits you with a +0 giant club!!
You die...

....#.................
...#.#####.###.##.#..
#####.........# #)......
#............## #..#.###
#............# #### #
+............#
#.....†......#
#.#####O##...#######.###
#......@.+...'..........
##########...#######....
#...# ### #...# ## .##≈
###########...# ##.##..≈
#.............#
##PP.##.≈
#.............#
#PP##...≈
#.............#
##P.....≈
#.............# P.P.#..≈


You could see an ogre (extremely poisoned).

Vanquished Creatures
  A gnoll shaman (D:4)
  Jessica (D:2)
  Terence (D:2)
  5 adders
  3 gnolls (D:4)
  A dart slug (D:3)
  6 orcs
  A ball python (D:2)
  A bat (D:1)
  3 endoplasms
  3 giant cockroaches
  5 goblins
  6 hobgoblins
  10 jackals
  4 quokkas
  A frilled lizard (D:3)
  3 kobolds
  A rat (D:2)
56 creatures vanquished.

Vanquished Creatures (others)
  A plant (D:1)
1 creature vanquished.

Grand Total: 57 creatures vanquished

Notes
Turn   | Place    | Note
-------+----------+-------------------------------------------
     0 | D:1      | garrulousMonolith the Hill Orc Monk began the quest for the
                  | Orb.
     0 | D:1      | Reached XP level 1. HP: 19/19 MP: 1/1
   345 | D:1      | Found a faded altar of an unknown god.
   714 | D:1      | Reached XP level 2. HP: 27/27 MP: 2/2
  1169 | D:2      | Noticed Jessica
  1178 | D:2      | Killed Jessica
  1179 | D:2      | Reached skill level 1 in Armour
  1179 | D:2      | Reached skill level 1 in Invocations
  1179 | D:2      | Reached XP level 3. HP: 33/33 MP: 2/4
  1185 | D:2      | Noticed Terence
  1196 | D:2      | Killed Terence
  1197 | D:2      | Reached skill level 5 in Axes
  1197 | D:2      | Reached XP level 4. HP: 26/40 MP: 3/5
  2646 | D:3      | Noticed Sigmund
  2683 | D:2      | Reached XP level 5. HP: 28/47 MP: 6/6
  3161 | D:4      | HP: 2/47 [gnoll shaman (5)]
  3164 | D:4      | Reached skill level 6 in Axes
  3905 | D:3      | Noticed an ogre
  3932 | D:3      | Mangled by an ogre

Illustrated notes

Levels and vault maps discovered:
D:1:      dpeg_arrival_water_fire, layout_basic,
          hellmonk_ecumenical_altar_blasted, serial_forest,
          infiniplex_forest_clump_small, infiniplex_forest_clump_long,
          infiniplex_forest_clump_diagonal, infiniplex_forest_clump_double,
          infiniplex_forest_lined_corner, infiniplex_forest_straight_2,
          infiniplex_forest_clump_curved, infiniplex_forest_straight_3,
          infiniplex_forest_straight_3
D:2:      layout_loops_ring, grunt_decor_one_mirror, grunt_decor_resistance,
          serial_bayou_lake_a, uniq_terence, uniq_jessica
D:3:      wad_lake_hut, layout_basic, minivault_19, uniq_sigmund
D:4:      layout_basic, grunt_temple_overflow_order_and_chaos_2,
          minmay_misc_feat_hallway, kennysheep_path_1

Skill      XL: |  1  2  3  4  5 |
---------------+----------------+-----
Fighting       | 4 |  4.7
Armour         | 1 2 |  2.4
Invocations    | 1 2 3 |  3.0
Axes           | 5 6 |  6.1
Dodging        | |  2.4
Stealth        | |  1.5

Action                   |  1- 3 |  4- 6 || total
-------------------------+-------+-------++-------
Melee: Hand axe          |    28 |       ||    28
       Whip              |    13 |   163 ||   176
Throw: Dart              |       |     1 ||     1
  Use: Scroll            |       |     2 ||     2
       Potion            |       |     1 ||     1
 Stab: Sleeping          |     2 |       ||     2
Armor: Robe              |     5 |       ||     5
       Chain mail        |       |    96 ||    96
       Scale mail        |       |    15 ||    15
Dodge: Dodged            |    29 |    59 ||    88
       Repelled          |       |     1 ||     1
